 Dungeon Crawl Stone Soup version 0.31-a0-210-gccc998df9b (webtiles) character file.

Game seed: 4645534592029518259

116 qw the Shooter (level 4, 0/36 HPs)
             Began as a Minotaur Hexslinger on June 30, 2023.
             Succumbed to a water moccasin's poison
             ... on level 4 of the Dungeon.
             The game lasted 00:01:00 (2563 turns).

qw the Shooter (Minotaur Hexslinger)                Turns: 2563, Time: 00:01:01

Health: 0/36       AC:  5    Str: 18    XL:     4   Next: 69%
Magic:  4/4        EV: 11    Int: 10    God:
Gold:   164        SH:  0    Dex: 15    Spells: 4/5 levels left

rFire   . . .        Y - +1 sling
rCold   . . .        (no shield)
rNeg    . . .        k - +0 ring mail
rPois   .            (helmet restricted)
rElec   .            (no cloak)
rCorr   .            (no gloves)
SInv    .            (no boots)
Will    .....        (no amulet)
Stlth   +            i - +6 ring of strength
HPRegen 0.26/turn    (no ring)
MPRegen 0.09/turn

%: no passive effects
@: lethally poisoned (0 -> -14)
A: horns 2, retaliatory headbutt
a: no special abilities


You were on level 4 of the Dungeon.
You visited 1 branch of the dungeon, and saw 4 of its levels.

You collected 164 gold pieces.


Innate Abilities, Weirdness & Mutations

You have a pair of horns on your head.
You reflexively headbutt those who attack you in melee.


   Skills:
 + Level 2.2 Fighting
 - Level 5.0 Ranged Weapons
 - Level 0.8 Armour
 - Level 2.1 Dodging
 - Level 1.0 Spellcasting
 - Level 2.0 Hexes


You had 4 spell levels left.
You knew the following spells:

 Your Spells              Type           Power      Damage    Failure   Level
a - Slow                  Hex            16%        N/A       26%         1

Your spell library contained the following spells:

 Spells                   Type           Power      Damage    Failure   Level
 Inner Flame              Hex/Fire       2%         N/A       77%         3
 Portal Projectile        Hex/Tloc       4%         N/A       77%         3
 Cause Fear               Hex            2%         N/A       95%         4

Inventory:

Hand Weapons
 Y - a +1 sling (weapon)
Armour
 k - a +0 ring mail (worn)
Jewellery
 i - a +6 ring of strength (left hand)
Scrolls
 a - a scroll of identify
Potions
 d - a potion of might
 f - a potion of brilliance {unknown}
 g - a potion of curing {unknown}

Dungeon Overview and Level Annotations

Branches:
Dungeon (4/15)
 Temple: D:4-7

Altars:


Message History

You see here a dart slug corpse.
Found a stone staircase leading down.
A quokka comes into view.
You shoot a sling bullet. The sling bullet hits the quokka.
The quokka is heavily wounded.
A water moccasin comes into view.
You shoot a sling bullet. The water moccasin hisses angrily.
The sling bullet hits the quokka.
You kill the quokka!
There is a stone staircase leading down here.
You shoot a sling bullet.
The sling bullet hits the water moccasin!
The water moccasin is moderately wounded.
The water moccasin bites you but does no damage.
You shoot a sling bullet.
The sling bullet completely misses the water moccasin.
The water moccasin bites you!
You are poisoned.
The water moccasin poisons you!
You shoot a sling bullet.
The sling bullet misses the water moccasin.
You feel very sick. The water moccasin bites you.
You are lethally poisoned!
The water moccasin poisons you! The water moccasin bites you.
You shoot a sling bullet.
The sling bullet closely misses the water moccasin.
You feel extremely sick. The water moccasin misses you.
The water moccasin bites you.
You shoot a sling bullet.
The sling bullet hits the water moccasin.
The water moccasin is heavily wounded.
You feel very sick.
The water moccasin bites you but does no damage.
The water moccasin completely misses you.
You shoot a sling bullet.
The sling bullet hits the water moccasin but does no damage.
The water moccasin is heavily wounded.
You die...

#.#### #..
#.# #.. #.#
+... ###%#
#..% #...#
#..#
#######.###
#...##
#.......#
#.S.#
#.#######
#@# #.# #.#
#.# #.# #.#
#.###.#
#.#...#
#.#.###
#...# #####


You could see a water moccasin.

Vanquished Creatures
  3 adders (D:3)
  3 dart slugs
  5 orcs (D:3)
  5 ball pythons
  11 endoplasms
  2 giant cockroaches
  6 goblins
  4 hobgoblins
  8 quokkas
  10 bats
  4 frilled lizards
  5 kobolds
  8 rats
74 creatures vanquished.

Notes
Turn   | Place    | Note
-------+----------+-------------------------------------------
     0 | D:1      | qw the Minotaur Hexslinger began the quest for the Orb.
     0 | D:1      | Reached XP level 1. HP: 16/16 MP: 1/1
     0 | D:1      | 0 ||| qw: Version: 0.3-a-26-gee661ec
     0 | D:1      | 0 ||| qw: Game counter: 7154
     0 | D:1      | 0 ||| qw: Melee chars always use a shield: true
     0 | D:1      | 0 ||| qw: God list: Okawaru
     0 | D:1      | 0 ||| qw: Allow faded altars: false
     0 | D:1      | 0 ||| qw: Do Orc after clearing Dungeon:15 true
     0 | D:1      | 0 ||| qw: Do second Lair branch before Depths: true
     0 | D:1      | 0 ||| qw: Lair rune preference: random
     0 | D:1      | 0 ||| qw: Goals: Normal
     0 | D:1      | 0 ||| PLANNING D:1-11
   164 | D:1      | Reached skill level 3 in Ranged Weapons
   175 | D:1      | Reached XP level 2. HP: 23/23 MP: 2/2
   551 | D:1      | Reached XP level 3. HP: 28/29 MP: 3/3
   787 | D:1      | 787 ||| UPGRADING to +0 leather armour.
   797 | D:1      | 797 ||| DROPPING +0 robe.
   798 | D:1      | 798 ||| UPGRADING to +0 ring mail.
   808 | D:1      | 808 ||| DROPPING +0 leather armour.
   809 | D:1      | 809 ||| READING 2 scrolls labelled POJA WUHIU.
   810 | D:1      | 810 ||| READING scroll labelled OTIBEL ZIASK.
   811 | D:1      | 811 ||| READING scroll labelled CIPROWAGI INYWK.
   812 | D:1      | 812 ||| READING scroll labelled BACVAP SOSIYRPHICWA.
   816 | D:1      | 816 ||| READING scroll labelled CEEWUV PEKUE.
   917 | D:1      | 917 ||| DROPPING scroll of poison.
  1168 | D:2      | 1168 ||| FLEEEEING.
  1221 | D:2      | Reached skill level 4 in Ranged Weapons
  1577 | D:2      | 1577 ||| UPGRADING to +6 ring of strength.
  1578 | D:2      | 1578 ||| READING 2 scrolls labelled OKEPHYBLOBRU.
  1579 | D:2      | 1579 ||| READING scroll labelled HECAUTSOHUO.
  1580 | D:2      | 1580 ||| READING scroll labelled DUESEMYILU.
  1581 | D:2      | 1581 ||| READING 3 scrolls of identify.
  1581 | D:2      | 1581 ||| IDENTIFYING lumpy pink potion
  1582 | D:2      | 1582 ||| READING 2 scrolls of identify.
  1582 | D:2      | 1582 ||| IDENTIFYING fizzy amethyst potion
  1583 | D:2      | 1583 ||| DROPPING scroll of revelation.
  1584 | D:2      | 1584 ||| DROPPING potion of berserk rage.
  1712 | D:3      | Reached XP level 4. HP: 31/36 MP: 4/4
  1722 | D:3      | 1722 ||| FLEEEEING.
  1740 | D:3      | 1740 ||| FLEEEEING.
  2127 | D:3      | Reached skill level 5 in Ranged Weapons
  2495 | D:3      | 2495 ||| DROPPING amulet of magic regeneration.
  2496 | D:3      | 2496 ||| READING scroll labelled CUOXZY JUUCE.
  2497 | D:3      | 2497 ||| READING 2 scrolls of identify.
  2497 | D:3      | 2497 ||| IDENTIFYING sedimented white potion
  2498 | D:3      | 2498 ||| DROPPING potion of lignification.
  2555 | D:4      | Noticed a water moccasin
  2561 | D:4      | HP: 8/36 [water moccasin (2)]
  2562 | D:4      | HP: 3/36 [poisoned by a water moccasin]
  2563 | D:4      | Succumbed to a water moccasin's poison

Levels and vault maps discovered:
D:1:      onia_arrival_mini_spirals, layout_basic
D:2:      layout_loops_ring
D:3:      layout_basic
D:4:      layout_basic, uniq_ijyb

Skill      XL: |  1  2  3  4 |
---------------+-------------+-----
Ranged Weapons | 3 4 5 |  5.0
Fighting       | 2 |  2.2
Armour         | |  0.8
Dodging        | |  2.1
Spellcasting   | |  1.0
Hexes          | |  2.0

Action                     |  1- 3 |  4- 6 || total
---------------------------+-------+-------++-------
   Fire: Sling             |   145 |    65 ||   210
    Use: Scroll            |    10 |     2 ||    12
 Armour: Robe              |     7 |       ||     7
         Ring mail         |    16 |    12 ||    28
  Dodge: Dodged            |    46 |    18 ||    64

Table legend:
 A = Non-vault XP
 B = Vault XP
 C = Vault XP percentage of total XP
 D = Non-vault monster count
 E = Vault monster count
 F = Vault count percentage of total count
                 A         B        C        D         E       F
            +---------+---------+-------+---------+---------+-------
      Total |     166 |       0 |   0.0 |      74 |       0 |   0.0
            +---------+---------+-------+---------+---------+-------
        D:1 |      41 |       0 |   0.0 |      26 |       0 |   0.0
        D:2 |      30 |       0 |   0.0 |      19 |       0 |   0.0
        D:3 |      89 |       0 |   0.0 |      27 |       0 |   0.0
        D:4 |       6 |       0 |   0.0 |       2 |       0 |   0.0
            +---------+---------+-------+---------+---------+-------
